 Dungeon Crawl Stone Soup version 0.31-a0-182-gc5ef74bbde (webtiles) character file.

Game seed: 12254918087631807476

4753 qw the Cleaver (level 10, -3/65 HPs)
             Began as a Gargoyle Fighter on June 21, 2023.
             Slain by a boulder beetle (12 damage)
             ... on level 8 of the Dungeon.
             The game lasted 00:03:11 (5901 turns).

qw the Cleaver (Gargoyle Fighter)                   Turns: 5901, Time: 00:03:11

Health: -3/65      AC: 26    Str: 23    XL:     10   Next: 46%
Magic:  10/10      EV:  7    Int: 10    God:
Gold:   291        SH:  4    Dex:  9    Spells: 9/9 levels left

rFire   . . .        o - +0 broad axe (spect)
rCold   . . .        c - +0 buckler
rNeg    + . .        t - +0 plate armour
rPois   inf          e - +2 helmet
rElec   +            (no cloak)
rCorr   .            (no gloves)
SInv    .            j - +1 pair of boots {Stlth+}
Will    .....        (no amulet) Stlth
                     h - +4 ring of slaying {mikee}
HPRegen 0.30/turn    (no ring)
MPRegen 0.12/turn

%: no passive effects
@: no status effects
A: sickness immunity, AC +7, negative energy resistance 1, electricity
resistance, torment resistance 1, petrification resistance
a: no special abilities


You were on level 8 of the Dungeon.
You visited 2 branches of the dungeon, and saw 9 of its levels.

You collected 417 gold pieces.
You spent 126 gold pieces at shops.


Innate Abilities, Weirdness & Mutations

You are immune to sickness and miasma.
Your stone body is resilient. (AC +7)
You are immune to poison.
You resist negative energy. (rN+)
You are resistant to electric shocks. (rElec)
You are resistant to unholy torment.
You are immune to petrification.


   Skills:
 - Level 8.8 Fighting
 - Level 10.0 Axes
 + Level 2.3 Throwing
 - Level 7.7 Armour
 - Level 1.0 Dodging
 - Level 4.3 Shields


You had 9 spell levels left.
You didn't know any spells.
Your spell library was empty.

Inventory:

Hand Weapons
 m - a +0 war axe of flaming
 o - a +0 spectral broad axe (weapon)
Missiles
 f - 3 javelins (quivered)
Armour
 c - a +0 buckler (worn)
 e - a +2 helmet (worn)
 j - a +1 pair of boots of stealth (worn)
 t - a +0 plate armour (worn)
Jewellery
 h - a +4 ring of slaying (left hand) {mikee}
Scrolls
 a - 3 scrolls of identify
 q - 2 scrolls of brand weapon
Potions
 b - 2 potions of mutation
 d - a potion of might
 g - a potion of enlightenment
 l - a potion of cancellation
 n - 4 potions of lignification
 p - 3 potions of curing

Dungeon Overview and Level Annotations

Branches:
Dungeon (8/15)             Temple (1/1) D:6
   Lair: D:8-11

Altars:
Cheibriados
Dithmenos
Elyvilon
Fedhas
Gozag
Hepliaklqana
Kikubaaqudgha
Makhleb
Nemelex Xobeh
Qazlal
Sif Muna
Uskayaw
Vehumet
Wu Jian
Xom
Yredelemnul
Zin
The Shining One

Shops:
D:2 !

Annotations:
D:3 1 runed translucent door, Crazy Yiuf
D:8 Erica


Message History

The boulder beetle is lightly wounded.
Your +0 spectral broad axe hits the boulder beetle but does no damage.
The boulder beetle bites you.
You barely miss the boulder beetle.
The boulder beetle is lightly wounded.
Your +0 spectral broad axe hits the boulder beetle!
The boulder beetle bites you!!
You hit the boulder beetle but do no damage.
The boulder beetle is heavily wounded.
Your +0 spectral broad axe hits the boulder beetle but does no damage.
Erica points at you and mumbles some strange words.
You resist with significant effort.
The boulder beetle bites you but does no damage.
You hit the boulder beetle but do no damage.
The boulder beetle is moderately wounded.
Your +0 spectral broad axe hits the boulder beetle but does no damage.
The boulder beetle bites you!
5898 ||| DRINKING potion of heal wounds.
You feel much better.
Your +0 spectral broad axe disappears.
Erica barely misses you.
The boulder beetle bites you but does no damage.
You hit the boulder beetle.
The boulder beetle is heavily wounded.
You slash Erica!
Your +0 spectral broad axe hits the boulder beetle but does no damage.
Erica hits you but does no damage. The boulder beetle bites you!
You hit the boulder beetle.
The boulder beetle is heavily wounded.
You barely miss Erica.
Your +0 spectral broad axe hits the boulder beetle.
Erica hits you with a +2 scimitar of flaming!
Erica burns you.
You block the boulder beetle's attack. x2
Erica hits you but does no damage.
You hit the boulder beetle but do no damage.
The boulder beetle is heavily wounded.
You hit Erica.
Your +0 spectral broad axe hits the boulder beetle!
The boulder beetle bites you!
You die...

##...## #..# #
#...## ..##.. ...##
###..##.# ..##
##:##..##. .##
#:..##..# ).##
##...##..# ## #..##
###..##..##.#
##..##...##..##@B(#
.##..##...##..##@#
#.##..##}##..##.##
##.##..###..##..#
....##..#..##.#.#
####.##...##.##.#
##.##.##.....#
##.###.#.#####
##.#.##.....#
#..#######.#


You could see a boulder beetle, Erica and a friendly +0 spectral broad axe.

Vanquished Creatures
  A centaur warrior (D:8)
  A boulder beetle (D:8)
  Pikel (D:7)
  Sigmund (D:3)
  A steam dragon (D:7)
  2 water moccasins (D:6)
  An orc warrior (D:6)
  2 sky beasts (D:7)
  2 ice beasts
  A black bear (D:6)
  2 ogres (D:4)
  2 lemures (D:7)
  2 centaurs
  2 phantoms
  2 kobold brigands
  2 bullfrogs
  2 scorpions
  7 wights
  2 howler monkeys
  3 hounds
  A jelly (D:5)
  3 orc priests
  2 sleepcaps (D:6)
  3 iguanas
  Natasha (thrice) (D:3)
  4 orc wizards
  Robin (D:2)
  5 adders
  A shadow imp (D:8)
  2 white imps
  3 ufetubi
  3 worms
  3 dart slugs
  33 orcs
  6 endoplasms
  20 goblins
  8 hobgoblins
  7 jackals (D:3)
  A quokka (D:4)
  11 ball pythons
  7 bats
  4 frilled lizards
  18 kobolds
  5 rats
193 creatures vanquished.

Notes
Turn   | Place    | Note
-------+----------+-------------------------------------------
     0 | D:1      | qw the Gargoyle Fighter began the quest for the Orb.
     0 | D:1      | Reached XP level 1. HP: 14/14 MP: 1/1
     0 | D:1      | 0 ||| qw: Version: 0.3-a-9-g12657ce
     0 | D:1      | 0 ||| qw: Game counter: 1581
     0 | D:1      | 0 ||| qw: Always use a shield: true
     0 | D:1      | 0 ||| qw: God list: Okawaru
     0 | D:1      | 0 ||| qw: Allow faded altars: false
     0 | D:1      | 0 ||| qw: Do Orc after D:15 true
     0 | D:1      | 0 ||| qw: Do second Lair branch before Depths: true
     0 | D:1      | 0 ||| qw: Lair rune preference: random
     0 | D:1      | 0 ||| qw: Plans: Normal, Zot:1-4, Slime:5, God:TSO, Crypt,
                  | Tomb, Abyss, Pan, Hells, Win
     0 | D:1      | 0 ||| PLANNING D:1-11
    81 | D:1      | Reached skill level 2 in Axes
    83 | D:1      | 83 ||| Stepping ~*~*~tactically~*~*~ (stealth).
   166 | D:1      | Reached XP level 2. HP: 19/19 MP: 2/2
   410 | D:1      | 410 ||| Stepping ~*~*~tactically~*~*~ (hiding).
   411 | D:1      | 411 ||| Stepping ~*~*~tactically~*~*~ (hiding).
   415 | D:1      | 415 ||| Stepping ~*~*~tactically~*~*~ (hiding).
   829 | D:1      | 829 ||| DROPPING +0 club.
   950 | D:1      | 950 ||| UPGRADING to +4 ring of slaying {mikee}.
   951 | D:1      | 951 ||| READING scroll labelled ACASTE JIFEUNA.
   952 | D:1      | 952 ||| READING scroll labelled XOCVAV FOSOYB.
   991 | D:2      | Reached skill level 3 in Axes
   994 | D:2      | Reached XP level 3. HP: 23/23 MP: 3/3
   999 | D:2      | 999 ||| Stepping ~*~*~tactically~*~*~ (stealth).
  1007 | D:2      | 1007 ||| FLEEEEING.
  1008 | D:2      | 1008 ||| FLEEEEING.
  1009 | D:2      | 1009 ||| FLEEEEING.
  1010 | D:2      | 1010 ||| STAIRDANCE
  1031 | D:2      | 1031 ||| STAIRDANCE
  1058 | D:2      | Noticed Robin
  1059 | D:2      | 1059 ||| Stepping ~*~*~tactically~*~*~ (hiding).
  1065 | D:2      | Killed Robin
  1073 | D:2      | Reached XP level 4. HP: 20/28 MP: 4/4
  1209 | D:2      | Found a glowing silver altar of Zin.
  1216 | D:2      | Reached skill level 4 in Axes
  1425 | D:2      | 1425 ||| DROPPING +0 whip.
  1504 | D:2      | 1504 ||| Stepping ~*~*~tactically~*~*~ (stealth).
  1505 | D:2      | 1505 ||| Stepping ~*~*~tactically~*~*~ (stealth).
  1668 | D:2      | Found Wahean's Distillery.
  1672 | D:2      | 1672 ||| BUYING 2 potions of lignification (84 gold).
  1672 | D:2      | Bought 2 potions of lignification for 84 gold pieces
  1672 | D:2      | 1672 ||| SHOPLISTING 2 potions of lignification (84 gold,
                  | have 79).
  1672 | D:2      | 1672 ||| BUYING potion of curing (42 gold).
  1672 | D:2      | Bought a potion of curing for 42 gold pieces
  1672 | D:2      | 1672 ||| SHOPLISTING potion of curing (42 gold, have 37).
  1672 | D:2      | 1672 ||| SHOPLISTING potion of haste (140 gold, have 37).
  1672 | D:2      | 1672 ||| SHOPLISTING potion of heal wounds (70 gold, have
                  | 37).
  1672 | D:2      | 1672 ||| SHOPLISTING potion of mutation (112 gold, have
                  | 37).
  1767 | D:2      | 1767 ||| UPGRADING to +0 helmet.
  1772 | D:2      | 1772 ||| READING 2 scrolls labelled BEIRAEHALO.
  1773 | D:2      | 1773 ||| READING scroll labelled KALESEIMYA.
  1794 | D:2      | 1794 ||| READING scroll labelled WYBUMP BAFULY.
  1795 | D:2      | 1795 ||| READING scroll labelled JENLEXUDER.
  1796 | D:2      | 1796 ||| DROPPING +0 mace.
  1797 | D:2      | 1797 ||| READING scroll labelled FEILETTA SOYG.
  1798 | D:2      | 1798 ||| READING scroll labelled ASIJIS AMICK.
  1799 | D:2      | 1799 ||| READING scroll labelled INAWKA SICELE.
  1894 | D:3      | Noticed Natasha
  1896 | D:3      | 1896 ||| Stepping ~*~*~tactically~*~*~ (hiding).
  1897 | D:3      | 1897 ||| Stepping ~*~*~tactically~*~*~ (hiding).
  1900 | D:3      | Noticed a scorpion
  1902 | D:3      | Killed Natasha
  1903 | D:3      | Reached XP level 5. HP: 19/32 MP: 5/5
  1906 | D:3      | Reached skill level 5 in Axes
  1942 | D:3      | 1942 ||| Stepping ~*~*~tactically~*~*~ (stealth).
  1981 | D:3      | Noticed Natasha
  2001 | D:3      | Killed Natasha
  2002 | D:3      | Reached skill level 1 in Dodging
  2002 | D:3      | Reached XP level 6. HP: 29/38 MP: 6/6
  2118 | D:3      | 2118 ||| READING scroll of enchant armour.
  2118 | D:3      | 2118 ||| ENCHANTING +0 helmet.
  2157 | D:3      | 2157 ||| Stepping ~*~*~tactically~*~*~ (hiding).
  2169 | D:3      | Noticed Natasha
  2179 | D:3      | Killed Natasha
  2212 | D:3      | 2212 ||| READING scroll of enchant armour.
  2212 | D:3      | 2212 ||| ENCHANTING +1 helmet.
  2230 | D:3      | 2230 ||| Stepping ~*~*~tactically~*~*~ (stealth).
  2234 | D:3      | Reached skill level 6 in Axes
  2248 | D:3      | Noticed Sigmund
  2259 | D:3      | Killed Sigmund
  2260 | D:3      | Reached XP level 7. HP: 43/43 MP: 7/7
  2427 | D:3      | Found a faded altar of an unknown god.
  2482 | D:3      | Found a runed translucent door.
  2483 | D:3      | Noticed Crazy Yiuf
  2534 | D:3      | 2534 ||| UPGRADING to +0 chain mail.
  2544 | D:3      | 2544 ||| DROPPING +0 scale mail.
  2545 | D:3      | 2545 ||| UPGRADING to +1 pair of boots of stealth.
  2550 | D:3      | 2550 ||| READING 2 scrolls of identify.
  2550 | D:3      | 2550 ||| IDENTIFYING fizzy ruby potion
  2551 | D:3      | 2551 ||| DROPPING potion of degeneration.
  2668 | D:4      | 2668 ||| Stepping ~*~*~tactically~*~*~ (stealth).
  2669 | D:4      | 2669 ||| Stepping ~*~*~tactically~*~*~ (stealth).
  2679 | D:4      | Reached skill level 7 in Axes
  2679 | D:4      | 2679 ||| Stepping ~*~*~tactically~*~*~ (hiding).
  2684 | D:4      | 2684 ||| Stepping ~*~*~tactically~*~*~ (stealth).
  2698 | D:4      | 2698 ||| Stepping ~*~*~tactically~*~*~ (stealth).
  2701 | D:4      | 2701 ||| Stepping ~*~*~tactically~*~*~ (stealth).
  2765 | D:4      | 2765 ||| Stepping ~*~*~tactically~*~*~ (stealth).
  2767 | D:4      | 2767 ||| Stepping ~*~*~tactically~*~*~ (stealth).
  2773 | D:4      | 2773 ||| Stepping ~*~*~tactically~*~*~ (stealth).
  2774 | D:4      | 2774 ||| Stepping ~*~*~tactically~*~*~ (stealth).
  2781 | D:4      | 2781 ||| Stepping ~*~*~tactically~*~*~ (stealth).
  2791 | D:4      | Reached skill level 1 in Throwing
  2791 | D:4      | Paralysed by something for 4 turns
  2817 | D:4      | Found a snail-covered altar of Cheibriados.
  2849 | D:4      | Reached XP level 8. HP: 49/49 MP: 8/8
  3117 | D:4      | 3117 ||| READING 2 scrolls of identify.
  3117 | D:4      | 3117 ||| IDENTIFYING cyan potion
  3128 | D:5      | Entered Level 5 of the Dungeon
  3198 | D:5      | Reached skill level 8 in Axes
  3313 | D:5      | 3313 ||| Stepping ~*~*~tactically~*~*~ (stealth).
  3314 | D:5      | 3314 ||| SWAPPING to +0 broad axe.
  3316 | D:5      | 3316 ||| Stepping ~*~*~tactically~*~*~ (hiding).
  3344 | D:5      | 3344 ||| Stepping ~*~*~tactically~*~*~ (stealth).
  3381 | D:5      | 3381 ||| READING 3 scrolls of brand weapon.
  3381 | D:5      | 3381 ||| BRANDING +0 broad axe.
  3441 | D:5      | 3441 ||| Stepping ~*~*~tactically~*~*~ (hiding).
  3447 | D:5      | 3447 ||| Stepping ~*~*~tactically~*~*~ (hiding).
  3510 | D:5      | Reached skill level 6 in Fighting
  3688 | D:5      | 3688 ||| READING scroll labelled TOSUFU HOERERO.
  3689 | D:5      | 3689 ||| READING 7 scrolls of identify.
  3689 | D:5      | 3689 ||| IDENTIFYING sedimented cyan potion
  3690 | D:5      | 3690 ||| READING 6 scrolls of identify.
  3690 | D:5      | 3690 ||| IDENTIFYING viscous red potion
  3691 | D:5      | 3691 ||| READING 5 scrolls of identify.
  3691 | D:5      | 3691 ||| IDENTIFYING puce potion
  3692 | D:5      | 3692 ||| DROPPING potion of brilliance.
  3779 | D:6      | 3779 ||| Stepping ~*~*~tactically~*~*~ (hiding).
  3780 | D:6      | 3780 ||| Stepping ~*~*~tactically~*~*~ (hiding).
  3788 | D:6      | Reached XP level 9. HP: 53/55 MP: 9/9
  3790 | D:6      | Reached skill level 9 in Axes
  3839 | D:6      | 3839 ||| Stepping ~*~*~tactically~*~*~ (hiding).
  3959 | D:6      | Found a staircase to the Ecumenical Temple.
  3960 | D:6      | 3960 ||| PLANNING TEMPLE
  3966 | Temple   | Entered the Ecumenical Temple
  3966 | Temple   | Found a transporter.
  3966 | Temple   | Found a transporter.
  3968 | Temple   | Found a transporter.
  3968 | Temple   | Found a transporter.
  3978 | Temple   | 3978 ||| PLANNING D:1-11
  4087 | D:6      | 4087 ||| Stepping ~*~*~tactically~*~*~ (stealth).
  4090 | D:6      | 4090 ||| Stepping ~*~*~tactically~*~*~ (stealth).
  4238 | D:6      | 4238 ||| Stepping ~*~*~tactically~*~*~ (stealth).
  4240 | D:6      | 4240 ||| Stepping ~*~*~tactically~*~*~ (stealth).
  4245 | D:6      | 4245 ||| Stepping ~*~*~tactically~*~*~ (stealth).
  4260 | D:6      | 4260 ||| Stepping ~*~*~tactically~*~*~ (stealth).
  4262 | D:6      | 4262 ||| Stepping ~*~*~tactically~*~*~ (stealth).
  4265 | D:6      | 4265 ||| Stepping ~*~*~tactically~*~*~ (hiding).
  4642 | D:6      | 4642 ||| UPGRADING to +0 plate armour.
  4652 | D:6      | 4652 ||| DROPPING +0 chain mail.
  4653 | D:6      | 4653 ||| READING scroll labelled JEETTO ACHUN.
  4654 | D:6      | 4654 ||| DRINKING 2 grey potions.
  4655 | D:6      | 4655 ||| DRINKING 4 potions of curing.
  4655 | D:6      | 4655 ||| (to cure confusion)
  4656 | D:6      | 4656 ||| READING 4 scrolls of identify.
  4656 | D:6      | 4656 ||| IDENTIFYING sedimented green potion
  4657 | D:6      | 4657 ||| DROPPING potion of ambrosia.
  4808 | D:7      | 4808 ||| Stepping ~*~*~tactically~*~*~ (stealth).
  4810 | D:7      | 4810 ||| Stepping ~*~*~tactically~*~*~ (stealth).
  4814 | D:7      | Noticed Pikel
  4815 | D:7      | 4815 ||| Stepping ~*~*~tactically~*~*~ (stealth).
  4825 | D:7      | Killed Pikel
  4826 | D:7      | Reached skill level 6 in Armour
  4829 | D:7      | 4829 ||| Stepping ~*~*~tactically~*~*~ (hiding).
  4922 | D:7      | 4922 ||| Stepping ~*~*~tactically~*~*~ (hiding).
  4924 | D:7      | 4924 ||| Stepping ~*~*~tactically~*~*~ (hiding).
  5263 | D:7      | 5263 ||| Stepping ~*~*~tactically~*~*~ (stealth).
  5442 | D:7      | Reached skill level 10 in Axes
  5483 | D:8      | Reached XP level 10. HP: 63/63 MP: 10/10
  5488 | D:8      | 5488 ||| Stepping ~*~*~tactically~*~*~ (hiding).
  5489 | D:8      | 5489 ||| Stepping ~*~*~tactically~*~*~ (hiding).
  5504 | D:8      | 5504 ||| FLEEEEING.
  5505 | D:8      | 5505 ||| STAIRDANCE
  5579 | D:8      | Noticed a boulder beetle
  5598 | D:8      | Killed a boulder beetle
  5624 | D:8      | 5624 ||| FLEEEEING.
  5625 | D:8      | 5625 ||| STAIRDANCE
  5750 | D:8      | Noticed a centaur warrior
  5751 | D:8      | 5751 ||| Stepping ~*~*~tactically~*~*~ (hiding).
  5753 | D:8      | 5753 ||| Stepping ~*~*~tactically~*~*~ (hiding).
  5760 | D:8      | Killed a centaur warrior
  5889 | D:8      | Noticed a boulder beetle
  5890 | D:8      | Noticed Erica
  5897 | D:8      | HP: 5/65 [boulder beetle (16)]
  5898 | D:8      | 5898 ||| DRINKING potion of heal wounds.
  5901 | D:8      | Slain by a boulder beetle

Levels and vault maps discovered:
D:1:      ncdulo_halloftheorcs, layout_basic, minmay_crystal_room
D:2:      layout_loops_cross, basic_altar, serial_shops,
          nicolae_shop_pleasant_corner_grove, uniq_robin
D:3:      layout_rooms, hellmonk_ecumenical_altar_crossroads,
          serial_bayou_lagoon_a, uniq_natasha, uniq_crazy_yiuf_cottage,
          uniq_sigmund
D:4:      layout_rooms, mainiacjoe_overflow_concentric_impassable
D:5:      layout_rooms, minivault_4, minmay_misc_feat_cross, nrook_mini_vaults,
          kennysheep_generic_room_4
D:6:      layout_loops_ring, minmay_temple_entry_mini_moons, st_stairs_10
D:7:      layout_loops_ring, uniq_pikel
D:8:      layout_loops_ring, nicolae_lava_and_water,
          chequers_serial_rivers_small_3, minmay_diamond_spiral, uniq_maggie,
          uniq_erica, uniq_joseph
Temple:   hellmonk_temple_divided_pantheon

Skill      XL: |  1  2  3  4  5  6  7  8  9 10 |
---------------+-------------------------------+-----
Axes           | 2 3 4 5 6 7 8 10 | 10.0
Fighting       | 4 5 6 7 8 |  8.8
Dodging        | 1 |  1.0
Throwing       | 1 2 |  2.3
Armour         | 4 6 7 |  7.7
Shields        | 4 |  4.3

Action                     |  1- 3 |  4- 6 |  7- 9 | 10-12 || total
---------------------------+-------+-------+-------+-------++-------
  Melee: War axe           |    84 |   123 |    50 |       ||   257
         Broad axe         |       |       |   101 |    47 ||   148
  Throw: Boomerang         |       |     2 |   105 |       ||   107
         Javelin           |       |       |     1 |     3 ||     4
    Use: Scroll            |     2 |     9 |     9 |       ||    20
         Potion            |       |       |     2 |     1 ||     3
   Stab: Distracted        |       |       |     1 |       ||     1
 Armour: Scale mail        |    49 |    66 |     1 |       ||   116
         Chain mail        |       |       |    58 |       ||    58
         Plate armour      |       |       |    20 |    26 ||    46
  Dodge: Dodged            |    32 |    45 |    44 |     9 ||   130
  Block: Buckler           |    11 |    22 |    12 |     9 ||    54

Table legend:
 A = Non-vault XP
 B = Vault XP
 C = Vault XP percentage of total XP
 D = Non-vault monster count
 E = Vault monster count
 F = Vault count percentage of total count
                 A         B        C        D         E       F
            +---------+---------+-------+---------+---------+-------
      Total |    4022 |    2769 |  40.8 |     170 |      21 |  11.0
            +---------+---------+-------+---------+---------+-------
        D:1 |      29 |       4 |  12.1 |      20 |       2 |   9.1
        D:2 |      59 |      32 |  35.2 |      25 |      11 |  30.6
        D:3 |     423 |     256 |  37.7 |      35 |       2 |   5.4
        D:4 |     528 |       0 |   0.0 |      17 |       0 |   0.0
        D:5 |     602 |       8 |   1.3 |      25 |       1 |   3.8
        D:6 |    1071 |     135 |  11.2 |      23 |       2 |   8.0
        D:7 |     822 |     673 |  45.0 |      12 |       1 |   7.7
        D:8 |     488 |    1661 |  77.3 |      13 |       2 |  13.3
            +---------+---------+-------+---------+---------+-------
